 Dungeon Sprint DCSS version 0.21-a0-201-g8501b10 (webtiles) character file.

5343 Kidiri the Eclecticist (level 10, -2/54 HPs)
             Began as a Deep Elf Fire Elementalist on Aug 17, 2017.
             Was the Champion of Vehumet.
             Slain by a spiny frog (18 damage)
             ... in the Dungeon (Sprint III: "The Ten Rune Challenge").
             The game lasted 00:15:54 (2581 turns).

Kidiri the Eclecticist (Deep Elf Fire Elementalist) Turns: 2581, Time: 00:15:54

Health: -2/54      AC:  2    Str:  7    XL:     10   Next: 38%
Magic:  27/31      EV: 19    Int: 26    God:    Vehumet [******]
Gold:   25         SH:  0    Dex: 15    Spells: 4/39 levels left

rFire    . . .     SeeInvis .   t - +1 dagger
rCold    . . .     Gourm    .   (no shield)
rNeg     . . .     Faith    .   a - +0 robe
rPois    .         Spirit   .   (no helmet)
rElec    .         Reflect  .   (no cloak)
rCorr    .         Harm     .   (no gloves)
MR       +....     NoTele   +   (no boots)
Stlth    ++........             (no amulet)
HPRegen  0.18/turn              (no ring)
MPRegen  0.22/turn              (no ring)

@: lethally poisoned (-2 -> -17), hasted, very quick
A: clever 1, frail 1, strong 1
a: Renounce Religion


You were in the Dungeon.
You worshipped Vehumet.
Vehumet was exalted by your worship.
You were very full.

You visited 1 branch You collected 25 gold pieces.

Inventory:

Hand Weapons
 t - a +1 dagger (weapon)
Missiles
 s - 10 throwing nets (quivered)
Armour
 a - a +0 robe (worn)
 k - a +0 shield
Wands
 r - a wand of scattershot (1/9)
Scrolls
 m - 2 scrolls of immolation
Potions
 b - a potion of might
 d - a potion of curing
 e - 2 potions of heal wounds
 g - a potion of magic
 h - 3 potions of berserk rage
 l - a potion of mutation
 o - a potion of lignification {unknown}
 p - 4 potions of flight
Books
 j - a book of Air

   Spells                             Type                      Level
   a - Shock                          Conjuration/Air              1
   b - Swiftness                      Charms/Air                   2
   c - Static Discharge               Conjuration/Air              3
   d - Airstrike                      Air                          4
   e - Lightning Bolt                 Conjuration/Air              5
Comestibles
 c - 3 bread rations
 i - 20 royal jellies


   Skills:
 + Level 6.8 Fighting
 + Level 7.0 Short Blades
 + Level 7.0 Armour
 + Level 10.6 Dodging
 - Level 2.4 Stealth
 + Level 4.6 Shields
 * Level 15.0 Spellcasting
 + Level 9.4 Conjurations
 + Level 9.7 Fire Magic
 + Level 7.3 Air Magic


You had 4 spell levels left.
You knew the following spells:

 Your Spells              Type           Power        Failure   Level  Hunger
a - Flame Tongue          Conj/Fire      #####        1%          1    None
b - Throw Flame           Conj/Fire      ######       1%          2    None
c - Conjure Flame         Conj/Fire      ######..     1%          3    None
d - Inner Flame           Hex/Fire       #####...     1%          3    None
e - Sticky Flame          Conj/Fire      ######..     1%          4    None
f - Fireball              Conj/Fire      ######....   1%          5    #......
g - Shock                 Conj/Air       ####         1%          1    None
h - Airstrike             Air            ######....   1%          4    None
i - Lightning Bolt        Conj/Air       ######....   1%          5    #......
j - Orb of Destruction    Conj           ######....   13%         7    ######.


Dungeon Overview and Level Annotations

Branches:
Dungeon (1/1)

Altars:
Cheibriados
Dithmenos
Elyvilon
Fedhas
Gozag
Hepliaklqana
Kikubaaqudgha
Makhleb
Nemelex Xobeh
Okawaru
Qazlal
Ru
Sif Muna
Trog
Uskayaw
Vehumet
Wu Jian
Xom
Yredelemnul
Zin
The Shining One
Beogh
Jiyva
Lugonu

Annotations:
D exclusion: 2 doors


Innate Abilities, Weirdness & Mutations

Your mind is acute. (Int +2)
You are frail. (-10% HP)
Your muscles are strong. (Str +2)


Message History

The spiny frog is engulfed in blazing flames.
The spiny frog stings you but does no damage.
The spiny frog is engulfed in blazing flames.
The spiny frog misses you. The spiny frog misses you.
The komodo dragon is engulfed in blazing flames.
The spiny frog is engulfed in blazing flames.
The spiny frog completely misses you.
The spiny frog is engulfed in blazing flames.
Unknown command.
The komodo dragon barely misses you. The spiny frog misses you.
The spiny frog stings you!
You are poisoned.
The spiny frog poisons you!
Okay, then.
You feel yourself speed up.
You feel sick. The komodo dragon bites you!!
* * * LOW HITPOINT WARNING * * *
The spiny frog stings you!!
You die...

.⌠........# ...######'#
.⌠.#__#...#+#####################
...#__#..%#....#%#.#)).†.#......+
+###__#...##.#).#.##.###.#......#
.):#__#...+##.#)#.##.#..##......#
___#__+...#...#..#).##..'.......#
▓▓▓▓▓▓▓▓▓▓▓▓▓▓▓▓▓▓▓▓▓▓▓▓#.......#
♣≈≈≈....FF@.≈≈≈...#.......#
♣'♣≈≈≈≈≈≈≈l≈≈≈≈♣♣..'.......#
F≈♣♣♣♣♣♣♣♣♣♣♣♣♣♣♣♣PP#.......# #..
♣♣♣##+###### ##


You could see a komodo dragon and 2 spiny frogs.

Vanquished Creatures
  Erolcha (D)
  A deep elf mage (D)
  3 wandering mushrooms (D)
  A queen bee (D)
  2 redbacks (D)
  A shadow (D)
  A spatial vortex (D)
  A necrophage (D)
  5 two-headed ogres (D)
  A water elemental (D)
  A scorpion (D)
  32 killer bees (D)
  A jelly (D)
  A wizard (D)
  Jessica (D)
  A necromancer (D)
  3 humans (D)
  A kobold demonologist (D)
  An ooze (D)
  2 rats (D)
  A ballistomycete (D)
62 creatures vanquished.

Vanquished Creatures (others)
  2 draconian scorchers (D)
  2 hydras (D)
  6 hellions (D)
  2 yaktaurs (D)
  A ballistomycete spore (D)
13 creatures vanquished.

Grand Total: 75 creatures vanquished

Notes
Turn   | Place    | Note
-------+----------+-------------------------------------------
     0 | D        | Kidiri the Deep Elf Fire Elementalist began the quest for the Orb.
     0 | D        | Reached XP level 1. HP: 10/10 MP: 6/6
     3 | D        | Reached skill level 4 in Spellcasting
    44 | D        | Noticed Jessica
    49 | D        | Killed Jessica
    49 | D        | Reached skill level 1 in Fighting
    49 | D        | Reached skill level 1 in Armour
    49 | D        | Reached skill level 5 in Spellcasting
    49 | D        | Reached XP level 2. HP: 15/16 MP: 3/10
    49 | D        | Reached XP level 3. HP: 19/20 MP: 3/11
    53 | D        | Learned a level 2 spell: Throw Flame
    57 | D        | Learned a level 3 spell: Conjure Flame
    61 | D        | Learned a level 3 spell: Inner Flame
    80 | D        | Killed a hellion
    87 | D        | Killed a yaktaur
    90 | D        | Killed a hellion
    90 | D        | Killed a hellion
    90 | D        | Killed a hellion
   111 | D        | Killed a hellion
   178 | D        | Killed a yaktaur
   180 | D        | Killed a hellion
   185 | D        | Reached skill level 6 in Spellcasting
   210 | D        | Killed a white draconian scorcher
   235 | D        | Killed a white draconian scorcher
   282 | D        | Noticed a scorpion
   292 | D        | Killed a scorpion
   292 | D        | Reached skill level 7 in Spellcasting
   292 | D        | Reached XP level 4. HP: 13/27 MP: 4/15
   298 | D        | Learned a level 4 spell: Sticky Flame
   540 | D        | Noticed a water elemental
   543 | D        | Killed a water elemental
   543 | D        | Reached skill level 5 in Dodging
   543 | D        | Reached skill level 8 in Spellcasting
   543 | D        | Reached skill level 5 in Fire Magic
   543 | D        | Reached XP level 5. HP: 32/32 MP: 10/17
   550 | D        | Learned a level 5 spell: Fireball
   588 | D        | Found a radiant altar of Vehumet.
   589 | D        | Found a deep blue altar of Sif Muna.
   589 | D        | Found an ancient bone altar of Kikubaaqudgha.
   607 | D        | Became a worshipper of Vehumet
   616 | D        | Learned a level 1 spell: Shock
   654 | D        | Found a glowing silver altar of Zin.
   654 | D        | Found a glowing golden altar of the Shining One.
   654 | D        | Found a white marble altar of Elyvilon.
   655 | D        | Noticed a deep elf mage
   660 | D        | Noticed a redback
   660 | D        | Noticed a redback
   665 | D        | Killed a deep elf mage
   665 | D        | Reached skill level 10 in Spellcasting
   665 | D        | Reached XP level 6. HP: 36/39 MP: 15/21
   665 | D        | Reached XP level 7. HP: 40/44 MP: 16/23
   689 | D        | Gained mutation: Potions are less effective at restoring your health. [potion of mutation]
   689 | D        | Gained mutation: You are resistant to electric shocks. (rElec) [potion of mutation]
   690 | D        | Lost mutation: You are resistant to electric shocks. (rElec) [potion of mutation]
   690 | D        | Gained mutation: Your mind is acute. (Int +2) [potion of mutation]
   691 | D        | Lost mutation: Your mind is acute. (Int +2) [potion of mutation]
   691 | D        | Lost mutation: Potions are less effective at restoring your health. [potion of mutation]
   691 | D        | Gained mutation: You are frail. (-10% HP) [potion of mutation]
   691 | D        | Gained mutation: Your mind is acute. (Int +2) [potion of mutation]
   691 | D        | Gained mutation: Your muscles are strong. (Str +2) [potion of mutation]
   708 | D        | Learned a level 4 spell: Airstrike
   843 | D        | Found an ornate altar of the Wu Jian Council.
   843 | D        | Found a roughly hewn altar of Beogh.
   843 | D        | Found an iron altar of Okawaru.
   843 | D        | Found a bloodstained altar of Trog.
   843 | D        | Found a hide-covered altar of Uskayaw.
   843 | D        | Noticed a human
   845 | D        | Killed a human
   845 | D        | Reached skill level 11 in Spellcasting
   846 | D        | Noticed a human
   846 | D        | Killed a human
   846 | D        | Reached * piety under Vehumet
   846 | D        | Offered knowledge of Freeze by Vehumet.
   913 | D        | Learned a level 5 spell: Lightning Bolt
   914 | D        | Found a basalt altar of Yredelemnul.
   914 | D        | Found a shadowy altar of Dithmenos.
   914 | D        | Found a sacrificial altar of Ru.
   921 | D        | Reached XP level 8. HP: 34/43 MP: 18/25
   988 | D        | Reached ** piety under Vehumet
   996 | D        | Offered knowledge of Sandblast by Vehumet.
   996 | D        | Reached skill level 5 in Fighting
   996 | D        | Reached skill level 5 in Armour
   996 | D        | Reached skill level 1 in Shields
   996 | D        | Reached skill level 12 in Spellcasting
  1058 | D        | Found a blossoming altar of Fedhas.
  1058 | D        | Found a stormy altar of Qazlal.
  1058 | D        | Found a snail-covered altar of Cheibriados.
  1058 | D        | Found a burning altar of Makhleb.
  1058 | D        | Found a shimmering altar of Xom.
  1059 | D        | Found a hazy altar of Hepliaklqana.
  1059 | D        | Found an opulent altar of Gozag.
  1059 | D        | Found a sparkling altar of Nemelex Xobeh.
  1059 | D        | Found a corrupted altar of Lugonu.
  1059 | D        | Found a viscous altar of Jiyva.
  1171 | D        | Offered knowledge of Throw Frost by Vehumet.
  1171 | D        | Reached *** piety under Vehumet
  1272 | D        | Noticed a two-headed ogre
  1279 | D        | Killed a two-headed ogre
  1279 | D        | Reached skill level 5 in Short Blades
  1279 | D        | Reached skill level 5 in Air Magic
  1349 | D        | Noticed a two-headed ogre
  1349 | D        | Noticed Erolcha
  1362 | D        | Killed Erolcha
  1362 | D        | Offered knowledge of Fulminant Prism by Vehumet.
  1362 | D        | Reached skill level 13 in Spellcasting
  1362 | D        | Reached XP level 9. HP: 20/49 MP: 7/28
  1366 | D        | Killed a two-headed ogre
  1366 | D        | Reached **** piety under Vehumet
  1558 | D        | Offered knowledge of Bolt of Draining by Vehumet.
  1692 | D        | Noticed a queen bee
  1698 | D        | Reached skill level 14 in Spellcasting
  1703 | D        | Reached ***** piety under Vehumet
  1714 | D        | Offered knowledge of Irradiate by Vehumet.
  1929 | D        | Offered knowledge of Orb of Destruction by Vehumet.
  1938 | D        | Learned a level 7 spell: Orb of Destruction
  2004 | D        | Reached XP level 10. HP: 54/54 MP: 25/30
  2009 | D        | Reached skill level 10 in Dodging
  2042 | D        | Reached ****** piety under Vehumet
  2042 | D        | Offered knowledge of Bolt of Cold by Vehumet.
  2487 | D        | Reached skill level 15 in Spellcasting
  2490 | D        | Offered knowledge of Venom Bolt by Vehumet.
  2507 | D        | Killed a four-headed hydra
  2569 | D        | Noticed a spiny frog
  2569 | D        | Noticed a spiny frog
  2573 | D        | Killed a five-headed hydra
  2581 | D        | Slain by a spiny frog

Vault maps used:
D:        dungeon_sprint_mu

Skill      XL: |  1  2  3  4  5  6  7  8  9 10 |
---------------+-------------------------------+-----
Spellcasting   | 5 7 8 10 11 13 14 15 | 15.0
Fighting       | 1 2 4 5 6 |  6.8
Armour         | 1 2 3 4 6 7 |  7.0
Dodging        | 3 4 5 7 9 10 | 10.6
Conjurations   | 2 3 4 6 8 9 |  9.4
Fire Magic     | 4 5 6 7 8 9 |  9.7
Short Blades   | 3 4 5 6 7 |  7.0
Air Magic      | 3 4 5 6 7 |  7.3
Shields        | 3 4 |  4.6
Stealth        | |  2.4

Action                   |  1- 3 |  4- 6 |  7- 9 | 10-12 || total
-------------------------+-------+-------+-------+-------++-------
Melee: Unarmed           |     2 |       |       |       ||     2
       Dagger            |       |     1 |     2 |    10 ||    13
 Cast: Flame Tongue      |    24 |     4 |    37 |    12 ||    77
       Throw Flame       |     2 |       |     3 |       ||     5
       Conjure Flame     |     1 |     1 |     9 |     2 ||    13
       Sticky Flame      |       |     3 |    14 |     9 ||    26
       Fireball          |       |       |     6 |     1 ||     7
       Airstrike         |       |       |     9 |       ||     9
       Inner Flame       |       |       |     4 |     1 ||     5
       Lightning Bolt    |       |       |     1 |     5 ||     6
       Orb of Destructio |       |       |       |     3 ||     3
  Use: Scroll            |       |       |     6 |       ||     6
       Potion            |       |       |     4 |     1 ||     5
 Stab: Sleeping          |       |     1 |       |       ||     1
  Eat: Chunk             |       |       |     2 |       ||     2
       Royal jelly       |       |       |     1 |     5 ||     6
Armor: Robe              |     2 |       |     4 |     2 ||     8
Dodge: Dodged            |     7 |     2 |    40 |    27 ||    76
